 Dungeon Crawl Stone Soup version 0.28-a0-1184-g53156a8862 (webtiles) character file.

Game seed: 8275932486453597170

63 ytrimaz the Insei (level 4, -4/28 HPs)
             Began as an Octopode Transmuter on Dec 17, 2021.
             Slain by a gnoll (9 damage)
             ... on level 2 of the Dungeon.
             The game lasted 00:02:23 (3142 turns).

ytrimaz the Insei (Octopode Transmuter)             Turns: 3142, Time: 00:02:24

Health: -4/28      AC:  1    Str:  9    XL:     4   Next: 9%
Magic:  6/7        EV: 13    Int: 17    God:
Gold:   112        SH:  0    Dex: 12    Spells: 2/8 levels left

rFire   . . .      SeeInvis .     - Unarmed
rCold   . . .      Faith    .   (no shield)
rNeg    . . .      Spirit   .   (helmet restricted)
rPois   .          Reflect  .   (no amulet)
rElec   .          Harm     .   (no ring)
rCorr   .          Rampage  .   (no ring)
Will    .....                   (no ring)
Stlth   ++........              (no ring)
HPRegen 0.09/turn               (no ring)
MPRegen 0.10/turn               (no ring)
                                (no ring)
                                (no ring)

@: no status effects
A: almost no armour, amphibious, 8 rings, camouflage 1, gelatinous body 1,
(nimble swimmer 1), tentacles
a: no special abilities


You were on level 2 of the Dungeon.
You visited 1 branch of the dungeon, and saw 3 of its levels.

You collected 112 gold pieces.

Inventory:

Potions
 a - 2 potions of heal wounds
 b - a potion of brilliance {unknown}
 c - 3 potions of curing
 d - 3 potions of lignification
 e - a potion of magic {unknown}
 f - a potion of mutation {unknown}
 g - a potion of attraction {unknown}


   Skills:
 * Level 1.5 Fighting
 * Level 2.2 Dodging
 + Level 3.4 Unarmed Combat
 * Level 2.5 Spellcasting
 * Level 2.9 Transmutations
 + Level 0.2 Poison Magic


You had 2 spell levels left.
You knew the following spells:

 Your Spells              Type           Power      Damage    Failure   Level
a - Beastly Appendage     Tmut           24%        N/A       5%          1
b - Wereblood             Tmut           12%        N/A       9%          2
c - Spider Form           Tmut/Pois      7%         N/A       28%         3

Your spell library contained the following spells:

 Spells                   Type           Power      Damage    Failure   Level
 Ice Form                 Ice/Tmut       7%         N/A       69%         4


Dungeon Overview and Level Annotations

Branches:
Dungeon (3/15)

Altars:


Innate Abilities, Weirdness & Mutations

You cannot wear most types of armour.
You are amphibious.
You can wear up to eight rings at the same time.
Your skin changes colour to match your surroundings (Stealth+).
Your rubbery body absorbs attacks. (AC +1, EV +1)
((You are camouflaged near water. (Stealth+)))
You have tentacles for arms and can constrict up to eight enemies at once.


Message History

Unknown command.
The gnoll barely misses you.
You climb upwards.
There is a stone staircase leading down here.
You start resting.
Your magical contamination has completely faded away.
You start resting.
Magic restored.
Casting: Spider Form (extremely dangerous; 28% risk of failure)
Confirm with . or Enter, or press ? or * to list all spells.
The spell is extremely dangerous to miscast (28% risk of failure)!
Continue anyway?
You turn into a venomous arachnid creature.
Unknown command.
You can't go up here!
You climb downwards.
There is a stone staircase leading up here.
The gnoll hits you from afar with a +0 spear.
You climb upwards.
There is a stone staircase leading down here.
Unknown command.
You climb downwards.
Your transformation is almost over.
The gnoll completely misses you. The gnoll misses you.
The gnoll closely misses you.
There is a stone staircase leading up here.
Unknown command.
The gnoll closely misses you. The gnoll hits you with a +0 flail!
You climb upwards.
There is a stone staircase leading down here.
Unknown command.
The gnoll barely misses you.
Your transformation has ended.
You tentacle-slap the gnoll. Your grab misses the gnoll.
The gnoll is lightly wounded.
The gnoll hits you with a +0 flail!
* * * LOW HITPOINT WARNING * * *
The gnoll barely misses you.
Unknown command.
The gnoll hits you with a +0 flail!
You die...

...................# #..#.#####.#
...................# #..#........
...................# #..).#.###.#
......#..#.........###.####.###..
#.....)#....>..........####...###
###..#..#....###.#####...#..#...#
#.....#..#.#.# #........##.####..
###....#...#####g#####.<#..#..###
#...#..#......g@##.#..##.##....#
##...#..#........)....#..#..⌠..#
#....#(........##.#.##.##....##
#..#..#...###.....#.#...###..).
#...#..#..#########.#+#...####.
##...#..............#.###...#..
####.#..#..###....#####...###...#
#.....#..#.# #....# #..#...###.#
#..........###....####.####...###


You could see 2 gnolls.

Vanquished Creatures
  A gnoll (D:3)
  An adder (D:2)
  2 worms (D:2)
  2 dart slugs
  3 endoplasms (D:2)
  A giant cockroach (D:1)
  5 goblins
  A hobgoblin (D:1)
  8 kobolds
  3 quokkas (D:2)
  2 ball pythons
  2 bats
  2 rats
33 creatures vanquished.

Notes
Turn   | Place    | Note
-------+----------+-------------------------------------------
     0 | D:1      | ytrimaz the Octopode Transmuter began the quest for the
                  | Orb.
     0 | D:1      | Reached XP level 1. HP: 13/13 MP: 3/3
   355 | D:1      | Reached XP level 2. HP: 14/18 MP: 3/5
   363 | D:1      | Learned a level 2 spell: Wereblood
   914 | D:1      | Found a faded altar of an unknown god.
  1392 | D:2      | Reached XP level 3. HP: 13/23 MP: 4/6
  1396 | D:2      | Learned a level 3 spell: Spider Form
  2840 | D:3      | Reached XP level 4. HP: 16/28 MP: 0/7
  3142 | D:2      | Slain by a gnoll

Illustrated notes

Levels and vault maps discovered:
D:1:      minmay_arrival_four_loops, layout_basic, basic_ecumenical_altar
D:2:      minmay_skewed_foursquare, layout_basic, minmay_misc_feat_tiny,
          minmay_misc_feat_diagonals
D:3:      layout_loops_ring, minitemple, hangedman_decor_push

Action                   |  1- 3 |  4- 6 || total
-------------------------+-------+-------++-------
Melee: Unarmed           |    88 |     5 ||    93
       Constrict         |    22 |     1 ||    23
       Tentacles         |    11 |       ||    11
       Kick              |     9 |       ||     9
       Punch             |     2 |       ||     2
 Cast: Beastly Appendage |    18 |       ||    18
       Spider Form       |     3 |     1 ||     4
       Wereblood         |     1 |       ||     1
  Use: Scroll            |     6 |       ||     6
       Potion            |     1 |       ||     1
 Stab: Sleeping          |     5 |       ||     5
Armor: Skin              |     8 |       ||     8
Dodge: Dodged            |    57 |    13 ||    70

Table legend: (Time is in decaauts)
 A = Elapsed time spent in this place.
 B = Non-inter-level travel time spent in this place.
 C = Inter-level travel time spent in this place.
 D = Time resting spent in this place.
 E = Time spent auto-exploring this place.
 F = Levels seen in this place.
 G = Mean time per level.
                   A        B        C        D        E       F      G
               +--------+--------+--------+--------+--------+-----+--------+
         Total |   3140 |   3029 |    111 |    252 |   2378 |   3 | 1046.7 |
       Dungeon |   3140 |   3029 |    111 |    252 |   2378 |   3 | 1046.7 |
               +--------+--------+--------+--------+--------+-----+--------+

Top non-repeatable levels by time:
     D:2: 1910 daAuts
     D:1: 1019 daAuts
     D:3: 210 daAuts
